AoeStats
← Mystburn

Arabia

510216830Analyzed
2v2 RM · 3d ago on Sep 30, 2026· 25m 37s· 4 players
Game mode
Random Map
Map size
Medium (4 player)
Population
200
Speed
Normal
Resources
Standard
Victory
Conquest
Starting age
Dark Age
Ending age
Imperial Age
RankedLock teamsTeams togetherTeam positionsShared explorationLock speedFull tech treeHidden civsTurbo modeCheats
Victory
Defeat
🇧🇷 Bulgarians · Brazil
1221
+15
🇲🇽 Sicilians · Mexico
1176
+12
🇺🇸 Persians · United States
1094
-11
🇺🇸 Romans · United States
1090
-11
Leo Javier
6:45 Loom
9:23 Feudal Age
12:10 Scale Mail Armor
18:57 Double-Bit Axe
23:46 Castle Age
21:55 Gold Mining
21:49 Horse Collar
22:47 Scale Barding Armor
22:53 Stone Mining
24:26 Bloodlines
25:27 Wheelbarrow
25:14 Husbandry
25:39 Chain Barding Armor
Mystburn
5:04 Loom
8:37 Feudal Age
18:11 Double-Bit Axe
24:48 Castle Age
23:12 Scale Mail Armor
23:27 Horse Collar
24:51 Forging
Imperator Aronius Arabicus
9:35 Feudal Age
9:43 Man-at-Arms
10:52 Loom
16:09 Scale Mail Armor
16:54 Forging
24:44 Castle Age
23:05 Horse Collar
24:50 Long Swordsman
25:32 Squires
25:52 Chain Mail Armor
25:39 Horse Collar
GaintVIP117
9:28 Feudal Age
7:44 Loom
15:54 Double-Bit Axe
23:54 Wheelbarrow
26:30 Castle Age
24:42 Scale Barding Armor
25:21 Wheelbarrow
24:35 Town Watch
25:57 Forging
Connection lost

Rejoining the realm…

Still unreachable

The connection could not be restored.

Session expired

The server has moved on; the page needs a fresh start.